 Dungeon Crawl Stone Soup version 0.13.0-13-g27bfa31 (webtiles) character file.

84687 Malachi the Protected (level 14, -15/102 HPs)
             Began as a Demigod Necromancer on Oct 19, 2013.
             Killed from afar by Azrael (33 damage)
             ... with a fireball
             ... on Level 1 of the Spider Nest.
             The game lasted 02:46:21 (38844 turns).

Malachi the Protected (Demigod Necromancer)        Turns: 38844, Time: 02:46:22

HP -15/102       AC 24     Str 20      XL: 14   Next: 90%
MP  29/32        EV 11     Int 23      God:
Gold 2223        SH 28     Dex 19      Spells:  5 memorised, 15 levels left

Res.Fire  : . . .   See Invis. : .   Y - +6,+5 scimitar of Onadepn {freeze, rPois}
Res.Cold  : . . .   Warding    : .   t - +5 ring mail of Infinity {rElec rPois}
Life Prot.: . . .   Conserve   : .   O - +1 orc shield
Res.Poison: +       Res.Corr.  : +   e - +2 golden helmet
Res.Elec. : +       Clarity    : .   X - +1 cloak
Sust.Abil.: . .     Spirit.Shd : .   h - +1 pair of gloves
Res.Mut.  : .       Stasis     : .   n - +1 pair of boots of Noughts and Crosses {MR++}
Res.Rott. : .       Flight     : .   I - amulet of resist corrosion
Saprovore : . . .                    m - +5 ring of strength
                                     o - ring of regeneration

@: liquid flames, regenerating (expiring), glowing, extremely resistant to
hostile enchantments, very unstealthy
A: regeneration 1
a: no special abilities


You were on level 1 of the Spider Nest.
You were not hungry.

You visited 4 branches of the dungeon, and saw 28 of its levels.
You also visited: Ice Cave.

You collected 2901 gold pieces.
You spent 698 gold pieces at shops.

Inventory:

Hand weapons
 q - a +0 blowgun
 s - the +7,+5 sling "Plaskumm" {velocity, -Cast +Blink rPois rN+}
   (You found it in an ice cave)

   Any stone fired from it inflicts extra damage.
   It protects you from poison.
   It protects you from negative energy.
   It lets you blink.
   It prevents spellcasting.
 N - a +1,+3 lajatang of protection
 U - a +3,+2 long sword of draining
 V - the +6,+6 trident of Clele {pierce, +Inv rC++ rN+}
   (You found it on level 1 of the Spider Nest)

   It inflicts extra damage upon your enemies.
   It greatly protects you from cold.
   It protects you from negative energy.
   It lets you turn invisible.
 Y - the +6,+5 scimitar of Onadepn (weapon) {freeze, rPois}
   (You bought it in a shop on level 4 of the Orcish Mines)

   It has been specially enchanted to freeze those struck by it, causing extra
   injury to most foes and up to double damage against particularly susceptible
   opponents.
   It can also slow down cold-blooded creatures.
   It protects you from poison.
 Z - a +1,+1 long sword of holy wrath
Missiles
 E - a throwing net (quivered)
 M - 5 needles of sleeping
 S - 3 curare-tipped needles
Armour
 e - a +2 golden helmet (worn)
 h - a +1 pair of gloves (worn)
 n - the +1 pair of boots of Noughts and Crosses (worn) {MR++}
   (You bought it in a shop on level 4 of the Orcish Mines)

   It affects your resistance to hostile enchantments.
 t - the +5 ring mail of Infinity (worn) {rElec rPois}
   (You found it on level 1 of the Lair of Beasts)

   It insulates you from electricity.
   It protects you from poison.
 O - a +1 orcish shield (worn)
 X - a +1 cloak (worn)
Magical devices
 f - a wand of teleportation (7)
 g - a wand of enslavement (14)
 v - a wand of confusion (5)
 F - a wand of slowing (10)
 P - a wand of invisibility (3)
Comestibles
 c - 10 bread rations
 k - 5 meat rations
Scrolls
 a - a scroll of identify
 i - 3 scrolls of blinking
 r - 2 scrolls of teleportation
 u - a scroll of remove curse
 J - a scroll of enchant weapon I
Jewellery
 b - the amulet of Trailiah {Clar Hunger Dex+2 Dam+4}
   (You found it on level 3 of the Lair of Beasts)

   [amulet of clarity]

   It affects your dexterity (+2).
   It affects your damage-dealing abilities (+4).
   It speeds your metabolism.
 d - an uncursed ring of wizardry
 j - an uncursed ring of positive energy
 l - an uncursed ring of see invisible
 m - a +5 ring of strength (right hand)
 o - a ring of regeneration (left hand)
 w - an uncursed ring of ice
 I - an amulet of resist corrosion (around neck)
 T - a +0,+4 ring of slaying
Potions
 C - 8 potions of curing
 H - a potion of heal wounds
 L - 7 potions of restore abilities
 R - 2 potions of speed
Books
 B - a book of Clouds

   Spells                             Type                      Level
   Mephitic Cloud                     Conjuration/Poison/Air       3
   Conjure Flame                      Conjuration/Fire             3
   Poisonous Cloud                    Conjuration/Poison/Air       6
   Freezing Cloud                     Conjuration/Ice/Air          6
   Ring of Flames                     Charms/Fire                  7
Magical staves
 G - an uncursed staff of fire
Miscellaneous
 p - a lamp of fire
 D - a crystal ball of energy
 W - a sack of spiders


   Skills:
 + Level 5.1 Fighting
 - Level 7.7 Long Blades
   Level 0.1 Axes
   Level 0.6 Maces & Flails
 - Level 1.1 Polearms
 - Level 0.1 Throwing
 - Level 13.1 Armour
 - Level 3.3 Dodging
 - Level 1.7 Stealth
 * Level 12.8 Shields
 - Level 8.5 Spellcasting
 - Level 10.0 Necromancy
 - Level 6.3 Transmutations


You had 15 spell levels left.
You knew the following spells:

 Your Spells              Type           Power        Failure   Level  Hunger
a - Pain                  Necr           ####         1%          1    None
b - Vampiric Draining     Necr           ######....   1%          3    None
c - Regeneration          Chrm/Necr      ####......   3%          3    None
d - Animate Dead          Necr           N/A          1%          4    ##.....
e - Alistair's Intoxicat  Trmt/Pois      ###.....     24%         4    ##.....


Dungeon Overview and Level Annotations

Branches:
Dungeon (14/27)            Temple (0/1) D:6             Orc (4/4) D:11
    Elf (0/3) Orc:4          Lair (8/8) D:11          Swamp (0/5) Lair:3
 Spider (2/5) Lair:4        Slime (0/6) Lair:8

Shops:
D:11 *   D:13 (   Orc:4 =(*[

Annotations:
Spider:1 Azrael


Innate Abilities, Weirdness & Mutations

Your natural rate of healing is unusually fast.


Message History

Your skin is crawling a little less now.
Your redback zombie bites Azrael.
Your soldier ant zombie waves its antennae.
Your soldier ant zombie completely misses Azrael.
You block Azrael's attack.
Your worker ant zombie bites Azrael.
Your redback zombie bites Azrael but does no damage.
You are covered in liquid flames!
One of your 4 scrolls of blinking catches fire!
* * * LOW HITPOINT WARNING * * *
Your redback zombie bites Azrael.
Your soldier ant zombie hits Azrael.
Your worker ant zombie bites Azrael but does no damage.
Azrael throws fire at you.
The fireball explodes!
The fireball engulfs your worker ant zombie.
Your worker ant zombie is destroyed!
The fireball engulfs your soldier ant zombie.
Your soldier ant zombie is destroyed!
The fireball engulfs Azrael.
Azrael completely resists.
The fireball engulfs you!
You die...

≈....(......≈....##
#....%.....#%.....#
.^.......≈≈≈......#
........≈#......###
..#≈##.##.........##
###..###...........##
^...≈#.............≈#
...##^.......#####≈≈####
...#..........R.@..≈#.≈#
...#z........z.z......^#
........).............####
.........###..........≈≈≈#
...........≈##^.....^..≈##
.............≈#........##
..............#.....#.##
..............#....≈≈##
...........).##....≈≈#


You could see Azrael and 2 friendly redback zombies.

Vanquished Creatures
  Agnes (Spider:1)
  A frost giant (IceCv)
  Gastronok (Lair:1)
  3 hydras
  Fannar (Lair:2)
  Nessos (Spider:1)
  2 death yaks
  4 orc high priests (Orc:4)
  2 catoblepae
  4 unseen horrors
  Erolcha (Orc:4)
  2 deep trolls (Orc:4)
  A flaming corpse (D:13)
  3 orc knights
  Joseph (Orc:4)
  2 hill giants
  3 orc sorcerers (Orc:4)
  5 wolf spiders
  3 elephants (Lair:8)
  An item mimic (Lair:7)
  6 black mambas
  4 spiny frogs
  2 fire drakes
  3 jumping spiders (Spider:1)
  4 trolls
  2 orb spiders
  6 two-headed ogres
  Sonja (Orc:2)
  3 komodo dragons
  11 polar bears (IceCv)
  Prince Ribbit (D:5)
  A slime creature (D:13)
  A basilisk (Lair:7)
  8 blink frogs
  11 redbacks
  3 tarantellas (Spider:1)
  2 trapdoor spiders
  A wraith (D:12)
  A shark (D:14)
  A water elemental (D:13)
  An elephant slug (Lair:7)
  4 vampire mosquitoes (D:12)
  31 yaks
  A shadow (D:13)
  A wyvern (D:10)
  A tengu (D:10)
  2 swamp worms (Lair:3)
  A hungry ghost (D:13)
  A hill giant skeleton (D:8)
  22 wolves
  A deep elf fighter (Orc:4)
  3 hippogriffs
  3 manticores
  A steam dragon (D:9)
  8 porcupines
  A necrophage (D:9)
  2 soldier ants (Spider:1)
  4 sky beasts
  A yellow wasp (D:12)
  A phantom (D:5)
  11 ice beasts
  12 ogres
  27 orc warriors
  10 centaurs
  3 electric eels (Lair:3)
  3 big kobolds
  A boring beetle (D:11)
  Sigmund (D:3)
  6 crocodiles
  8 giant slugs
  3 wargs
  11 giant frogs
  7 water moccasins
  A manticore zombie (D:10)
  4 agate snails
  A wyvern skeleton (D:9)
  19 killer bees
  10 wights
  3 fire bats (D:13)
  A hippogriff skeleton (D:10)
  A jellyfish (Lair:3)
  6 crimson imps
  5 spiders (Spider:1)
  2 goliath beetles
  13 hounds
  A wyvern simulacrum (D:10)
  A big fish (Lair:3)
  32 orc priests
  23 orc wizards
  3 jellies
  A two-headed ogre zombie (D:11)
  6 iguanas
  5 orange rats (Lair:6)
  6 scorpions
  A sheep (Orc:2)
  9 worker ants
  An ogre zombie (D:9)
  A crocodile skeleton (D:7)
  A hound zombie (D:10)
  An ogre skeleton (D:5)
  Terence (D:3)
  18 adders
  4 gnolls (D:4)
  5 giant centipedes
  34 green rats
  5 giant mites
  7 worms
  2 ufetubi (Orc:3)
  An adder zombie (D:5)
  An adder skeleton (D:10)
  2 giant centipede zombies
  A goliath beetle simulacrum (D:10)
  2 giant geckos
  141 orcs
  A bat zombie (D:5)
  5 giant cockroaches
  17 goblins
  14 hobgoblins
  18 jackals
  25 kobolds
  10 quokkas
  27 bats
  3 giant newts
  A giant newt skeleton (D:4)
  2 kobold skeletons (D:7)
  An orc skeleton (D:5)
  An orc zombie (D:9)
  26 rats
  A rat skeleton (D:6)
  A fungus (Lair:8)
842 creatures vanquished.

Vanquished Creatures (collateral kills)
  Saint Roka (Orc:3)
  An orc warlord (Orc:4)
  4 hydras
  Harold (Lair:3)
  Josephine (D:10)
  The ghost of Zapata the Nimble, a powerful KoBe of Trog (D:10)
  8 death yaks
  A deep troll shaman (Lair:8)
  Urug (D:11)
  A deep troll (Orc:3)
  An ice statue (Orc:2)
  An orc knight (Orc:3)
  2 hill giants
  2 wolf spiders
  2 black mambas
  An elephant (Lair:8)
  3 spiny frogs
  Psyche (Orc:1)
  A komodo dragon (Lair:8)
  2 jumping spiders (Spider:1)
  A burning bush (D:13)
  2 polar bears (IceCv)
  A troll (D:11)
  A wandering mushroom (Lair:8)
  A fire vortex (D:13)
  A basilisk (Lair:7)
  A tarantella (Spider:1)
  3 blink frogs
  A grizzly bear (Lair:8)
  A redback (Spider:2)
  2 wraiths
  A vampire (D:13)
  17 yaks
  A wyvern (D:9)
  An elephant slug (Lair:7)
  16 wolves
  3 fire elementals
  3 hippogriffs (Lair:5)
  6 necrophages
  3 swamp worms (Lair:3)
  A sky beast (D:10)
  A hell hound (Spider:2)
  8 orc warriors
  3 porcupines (Lair:7)
  A mottled dragon (D:11)
  An ogre (Orc:2)
  An ice beast (D:10)
  2 black bears
  A tengu (D:10)
  6 crocodiles
  A big kobold (D:10)
  5 centaurs
  3 wargs
  10 water moccasins
  5 giant slugs
  4 agate snails
  4 giant frogs
  3 killer bees (D:11)
  3 wights (D:7)
  A fire bat (D:13)
  An electric eel (Lair:3)
  5 crimson imps
  4 goliath beetles
  3 spiders (Spider:1)
  6 orc wizards
  2 scorpions (D:7)
  2 orc priests
  A worker ant (Spider:1)
  5 iguanas
  An orange rat (Lair:6)
  A sheep (Lair:5)
  3 hounds
  5 adders
  36 green rats
  A giant centipede (Lair:6)
  A worm (D:9)
  An ufetubus (Orc:3)
  A giant gecko (D:7)
  38 orcs
  A giant cockroach (D:7)
  A hobgoblin (D:10)
  3 quokkas
  6 bats
  10 jackals
  4 kobolds
  An orc zombie (Orc:4)
  3 rats
  5 fungi
  4 plants
321 creatures vanquished.

Vanquished Creatures (others)
  2 wolf spider zombies
  2 death yak zombies (Lair:8)
  2 redback zombies
  An orb spider (Spider:1)
  2 fire vortices (D:13)
  2 trapdoor spider zombies
  2 tarantella zombies (Spider:1)
  4 black mamba zombies
  A yak (IceCv)
  A fire elemental (Orc:4)
  A deep troll zombie (Orc:4)
  3 spiny frog zombies
  2 elephant zombies (Lair:8)
  4 blink frog zombies
  A fire drake zombie (Lair:7)
  A vampire mosquito zombie (D:12)
  4 giant slug zombies
  A komodo dragon zombie (Lair:6)
  A manticore zombie (D:13)
  5 polar bear zombies (IceCv)
  2 hippogriff zombies
  An orb spider zombie (Lair:4)
  10 yak zombies
  A human zombie (Orc:4)
  11 wolf zombies
  4 giant frog zombies
  A basilisk zombie (Lair:7)
  A centaur zombie (D:12)
  An orc wizard (Orc:1)
  A black bear zombie (Lair:8)
  A soldier ant zombie (Spider:1)
  6 warg zombies
  A water moccasin zombie (D:12)
  2 porcupine zombies
  2 two-headed ogre zombies
  7 killer bee zombies
  4 ogre zombies
  2 big kobold zombies
  A sky beast zombie (D:13)
  4 crocodile zombies
  4 hound zombies
  2 human skeletons (Lair:8)
  A necrophage skeleton (D:10)
  A hound skeleton (D:5)
  3 orange rat zombies (Lair:6)
  A worker ant zombie (Spider:1)
  A worm zombie (D:5)
  A goliath beetle zombie (D:13)
  An electric eel zombie (Lair:3)
  A giant centipede zombie (Lair:2)
  2 iguana zombies
  A scorpion zombie (D:6)
  3 adder zombies
  An orc (Orc:3)
  3 bat zombies
  A giant mite zombie (D:7)
  A quokka (Lair:3)
  A goblin (Orc:3)
  3 goblin zombies
  A green rat skeleton (Lair:7)
  21 green rat zombies
  3 hobgoblin zombies
  7 jackal zombies
  8 kobold zombies
  97 orc zombies
  A rat zombie (Lair:4)
  10 fungi
  2 plants (Lair:8)
287 creatures vanquished.

Grand Total: 1450 creatures vanquished

Notes
Turn   | Place    | Note
--------------------------------------------------------------
     0 | D:1      | Malachi, the Demigod Necromancer, began the quest for the Orb.
     0 | D:1      | Reached XP level 1. HP: 14/14 MP: 5/5
   349 | D:1      | Reached skill level 4 in Necromancy
   349 | D:1      | Reached XP level 2. HP: 10/20 MP: 0/6
  1575 | D:2      | Reached XP level 3. HP: 24/26 MP: 6/9
  2450 | D:2      | Reached XP level 4. HP: 26/33 MP: 4/12
  2723 | D:3      | Noticed Sigmund
  2744 | D:4      | Learned a level 3 spell: Vampiric Draining
  2748 | D:4      | Learned a level 3 spell: Regeneration
  2917 | D:4      | Reached skill level 5 in Necromancy
  2917 | D:4      | Reached XP level 5. HP: 23/38 MP: 4/14
  3134 | D:4      | Found a shimmering altar of Xom.
  3134 | D:4      | Found a shimmering altar of Xom.
  3134 | D:4      | Found a shimmering altar of Xom.
  3135 | D:4      | Found a shimmering altar of Xom.
  3135 | D:4      | Found a shimmering altar of Xom.
  3136 | D:4      | Found a shimmering altar of Xom.
  3473 | D:4      | Found a deep blue altar of Sif Muna.
  3474 | D:4      | Found a bloodstained altar of Trog.
  3812 | D:3      | Found a shattered altar of Ashenzari.
  3875 | D:4      | Reached XP level 6. HP: 34/45 MP: 2/18
  4244 | D:3      | Killed Sigmund
  4312 | D:3      | Noticed Terence
  4321 | D:3      | Killed Terence
  4420 | D:3      | Learned a level 4 spell: Animate Dead
  4902 | D:5      | Entered Level 5 of the Dungeon
  5081 | D:5      | Reached skill level 6 in Necromancy
  5191 | D:5      | Reached XP level 7. HP: 40/50 MP: 5/21
  5497 | D:5      | Noticed a manticore
  5512 | D:5      | Killed a manticore
  5512 | D:5      | Reached skill level 5 in Spellcasting
  6098 | D:6      | Noticed Prince Ribbit
  6113 | D:5      | Killed Prince Ribbit
  6113 | D:5      | Reached skill level 1 in Polearms
  6113 | D:5      | Reached skill level 7 in Necromancy
  6800 | D:7      | Reached XP level 8. HP: 54/57 MP: 19/23
  6895 | D:7      | Reached skill level 1 in Fighting
  6907 | D:7      | Reached skill level 1 in Long Blades
  7663 | D:7      | Reached skill level 8 in Necromancy
  8119 | D:6      | Noticed a two-headed ogre
  8121 | D:6      | Found a staircase to the Ecumenical Temple.
  8130 | D:6      | Killed a two-headed ogre
  8788 | D:8      | Reached XP level 9. HP: 44/63 MP: 7/25
  9501 | D:8      | Reached skill level 9 in Necromancy
  9708 | D:9      | Found a deep blue altar of Sif Muna.
 10860 | D:9      | Reached XP level 10. HP: 64/71 MP: 21/28
 11172 | D:10     | Entered Level 10 of the Dungeon
 11315 | D:10     | Reached skill level 10 in Necromancy
 11336 | D:10     | Reached skill level 1 in Shields
 11739 | D:10     | Noticed Zapata's ghost (powerful KoBe)
 11772 | D:10     | Killed Zapata's ghost
 12066 | D:10     | Noticed Josephine
 12076 | D:10     | Killed Josephine
 12076 | D:10     | Reached skill level 5 in Long Blades
 12333 | D:10     | Reached skill level 5 in Shields
 12701 | D:10     | Killed an unseen horror
 13308 | D:11     | Found a white marble altar of Elyvilon.
 13318 | D:11     | Found Qaine's Hallowed Reliquary.
 13319 | D:11     | Noticed an angel
 13332 | D:11     | Bought a potion of heal wounds for 54 gold pieces
 13332 | D:11     | Bought a potion of curing for 36 gold pieces
 13567 | D:11     | Reached XP level 11. HP: 61/78 MP: 20/29
 13700 | D:11     | Noticed Urug
 13710 | D:11     | Killed Urug
 13790 | D:11     | Found a staircase to the Orcish Mines.
 13851 | D:11     | Found a staircase to the Lair.
 14361 | D:11     | Learned a level 4 spell: Alistair's Intoxication
 14387 | Orc:1    | Entered Level 1 of the Orcish Mines
 14551 | Orc:2    | Noticed Sonja
 14585 | Lair:1   | Entered Level 1 of the Lair of Beasts
 14590 | Lair:1   | Reached skill level 1 in Transmutations
 14906 | Lair:1   | Noticed Gastronok
 14922 | Lair:1   | Killed Gastronok
 15175 | Lair:1   | Got an agate-studded ring mail
 15185 | Lair:1   | Identified the +5 ring mail of Infinity {rElec rPois} (You found it on level 1 of the Lair of Beasts)
 15234 | Lair:1   | Reached skill level 1 in Armour
 15355 | Lair:1   | Reached skill level 5 in Transmutations
 15721 | Lair:2   | Paralysed by a potion of paralysis for 3 turns
 15913 | Lair:2   | Found an ancient bone altar of Kikubaaqudgha.
 15920 | Lair:2   | Noticed Fannar
 15948 | Lair:2   | Killed Fannar
 16723 | Lair:3   | Got a faintly glowing sling
 16745 | Lair:3   | Identified the sling of Integrity {speed, Str+2} (You found it on level 3 of the Lair of Beasts)
 17462 | Lair:3   | Got an ichor-stained falchion
 17463 | Lair:3   | Identified the cursed falchion of the Lair of Beasts {slice, +Inv rF- rN+ Dex+3 SInv Curse} (You found it on level 3 of the Lair of Beasts)
 17480 | Lair:3   | Noticed Harold
 17694 | Lair:2   | Reached skill level 5 in Armour
 17943 | Lair:3   | Noticed a five-headed hydra
 17958 | Lair:3   | Killed a five-headed hydra
 18241 | Lair:3   | Got a smoking ivory amulet
 18347 | Lair:3   | Found a staircase to the Swamp.
 18664 | Lair:3   | Killed Harold
 18700 | Lair:3   | Reached XP level 12. HP: 66/85 MP: 26/30
 18988 | Lair:4   | Gained mutation: Your natural rate of healing is unusually fast. [potion of beneficial mutation]
 19048 | Lair:4   | Found a hole to the Spider Nest.
 19417 | Lair:4   | Noticed a six-headed hydra
 19429 | Lair:4   | Killed a six-headed hydra
 20088 | Lair:5   | Noticed an eight-headed hydra
 20096 | Lair:5   | Killed an eight-headed hydra
 20171 | Lair:5   | Noticed a seven-headed hydra
 20178 | Lair:5   | Killed a seven-headed hydra
 20253 | Lair:5   | Identified the amulet of Trailiah {Clar Hunger Dex+2 Dam+4} (You found it on level 3 of the Lair of Beasts)
 21005 | Lair:6   | Found a bloodstained altar of Trog.
 22353 | Lair:7   | Reached skill level 10 in Armour
 23080 | Lair:7   | Found a shattered altar of Ashenzari.
 23107 | Lair:7   | Reached skill level 11 in Armour
 23242 | Lair:8   | Entered Level 8 of the Lair of Beasts
 23712 | Lair:8   | Found a viscous altar of Jiyva.
 23730 | Lair:8   | Found a staircase to the Slime Pits.
 23762 | Lair:8   | Reached XP level 13. HP: 81/91 MP: 23/31
 23898 | Lair:8   | Noticed a six-headed hydra
 23911 | Lair:8   | Killed an eight-headed hydra
 24131 | Lair:8   | Reached skill level 12 in Armour
 24785 | Lair:8   | Noticed a five-headed hydra
 24794 | Lair:8   | Killed a five-headed hydra
 25680 | D:11     | Reached skill level 13 in Armour
 25710 | D:11     | Your ally Urug died
 25906 | D:12     | Noticed an unseen horror
 26221 | D:12     | Killed an unseen horror
 27525 | D:13     | Found Qiunleah's Antique Weapon Emporium.
 28442 | D:13     | Identified the Catalogue of Clay (You found it on level 13 of the Dungeon)
 28702 | D:14     | Entered Level 14 of the Dungeon
 29075 | Orc:2    | Killed Sonja
 29599 | Orc:2    | Found a bloodstained altar of Trog.
 30232 | Orc:1    | Noticed Psyche
 30241 | Orc:1    | Killed Psyche
 31304 | Orc:3    | Found a frozen archway.
 31325 | IceCv    | Entered an ice cave
 31461 | IceCv    | Got a fine sling
 31464 | IceCv    | Identified the sling "Plaskumm" {velocity, -Cast +Blink rPois rN+} (You found it in an ice cave)
 32207 | IceCv    | Reached XP level 14. HP: 70/100 MP: 22/32
 32896 | IceCv    | Noticed a frost giant
 32955 | IceCv    | Killed a frost giant
 33119 | IceCv    | Got a crude wooden ring
 33235 | Orc:3    | Identified the ring of Ruag {+Fly MP+9 Dex-3 Int-3} (You found it in an ice cave)
 33248 | Orc:4    | Entered Level 4 of the Orcish Mines
 33363 | Orc:4    | Noticed Erolcha
 33385 | Orc:4    | Killed Erolcha
 33492 | Orc:4    | Noticed Saint Roka
 33502 | Orc:4    | Your ally Erolcha died
 33614 | Orc:3    | Killed Saint Roka
 33614 | Orc:3    | Reached skill level 10 in Shields
 33992 | Orc:4    | Noticed Joseph
 34011 | Orc:4    | Killed Joseph
 34014 | Orc:4    | Found a roughly hewn altar of Beogh.
 34026 | Orc:4    | Your ally Joseph died
 34193 | Orc:4    | Found a staircase to the Elven Halls.
 35000 | Orc:4    | Noticed an orc warlord
 35012 | Orc:4    | Killed an orc warlord
 36088 | Orc:4    | Found Buwn's Antique Armour Boutique.
 36089 | Orc:4    | Found Nohykopp's Antique Weapon Boutique.
 36090 | Orc:4    | Found Phaapaam's Jewellery Shop.
 36090 | Orc:4    | Found Eqiattax's General Store.
 36104 | Orc:4    | Bought a pair of ancient boots for 175 gold pieces
 36105 | Orc:4    | Identified the +1 pair of boots of Noughts and Crosses {MR++} (You bought it in a shop on level 4 of the Orcish Mines)
 36115 | Orc:4    | Bought a polished scimitar for 294 gold pieces
 36116 | Orc:4    | Identified the scimitar of Onadepn {freeze, rPois} (You bought it in a shop on level 4 of the Orcish Mines)
 36119 | Orc:4    | Bought a runed long sword for 139 gold pieces
 36689 | Spider:1 | Entered Level 1 of the Spider Nest
 36986 | Spider:1 | Noticed Nessos
 37194 | Spider:1 | Killed Nessos
 37534 | Spider:1 | Noticed Agnes
 37546 | Spider:1 | Killed Agnes
 37734 | Spider:1 | Got an ancient trident
 37735 | Spider:1 | Identified the trident of Clele {pierce, +Inv rC++ rN+} (You found it on level 1 of the Spider Nest)
 37854 | Spider:1 | Reached skill level 5 in Fighting
 38417 | Spider:2 | Noticed Azrael
 38841 | Spider:1 | HP: 5/102 [Azrael/blast of hellfire (51)]
 38844 | Spider:1 | Killed from afar by Azrael

Action                   |  1- 3 |  4- 6 |  7- 9 | 10-12 | 13-15 || total
-------------------------+-------+-------+-------+-------+-------++-------
Melee: Unarmed           |     6 |       |       |       |       ||     6
       Hand axe          |       |    36 |       |       |       ||    36
       Scythe            |       |    17 |    65 |       |       ||    82
       Falchion          |       |       |   258 |  1373 |  2285 ||  3916
       Great mace        |       |       |     7 |       |       ||     7
       Whip              |       |       |     5 |       |       ||     5
       Scimitar          |       |       |       |       |   198 ||   198
       Long sword        |       |       |       |       |     4 ||     4
Throw: Throwing net      |       |     2 |       |       |       ||     2
 Cast: Pain              |    93 |    96 |   127 |   200 |    59 ||   575
       Vampiric Draining |       |    13 |    85 |   212 |   317 ||   627
       Animate Dead      |       |     1 |    25 |    89 |   123 ||   238
       Regeneration      |       |       |       |       |     4 ||     4
Evoke: Wand              |       |       |    10 |     4 |     8 ||    22
       Miscellaneous     |       |       |       |     1 |     1 ||     2
  Use: Scroll            |       |    14 |     8 |    15 |     6 ||    43
       Potion            |       |       |     2 |     9 |     6 ||    17
 Stab: Held in net/web   |       |     2 |       |       |       ||     2
       Sleeping          |       |     1 |     3 |     2 |     2 ||     8
       Invisible         |       |       |     3 |       |       ||     3
       Distracted        |       |       |     1 |    33 |    15 ||    49
       Confused          |       |       |       |       |     1 ||     1
